 Dungeon Crawl Stone Soup version 0.22-a0-601-gb0ed703ee0 (webtiles) character file.

1762 psixmax the Archer (level 8, 0/68 HPs)
             Began as a Centaur Hunter on July 6, 2018.
             Killed by divine providence
             ... invoked by an orc priest
              (16 damage)
             ... on level 6 of the Dungeon.
             The game lasted 00:12:30 (5519 turns).

psixmax the Archer (Centaur Hunter)                 Turns: 5519, Time: 00:12:31

Health: 0/68       AC:  7    Str: 14    XL:     8   Next: 79%
Magic:  8/8        EV: 17    Int: 10    God:
Gold:   297        SH:  0    Dex: 13    Spells: 7/7 levels left

rFire    . . .     SeeInvis .   a - +1 shortbow
rCold    . . .     Gourm    +   (shield currently unavailable)
rNeg     . . .     Faith    .   c - +0 leather armour
rPois    .         Spirit   .   v - +0 helmet
rElec    .         Reflect  .   (no cloak)
rCorr    .         Harm     .   B - +0 pair of gloves
MR       .....                  (no barding)
Stlth    +.........             F - amulet of the gourmand
HPRegen  0.21/turn              l - +6 ring of evasion
MPRegen  0.11/turn              h - +2 ring of slaying

@: very quick
A: large, hooves 3, deformed body, speed 2, tough skin 3
a: no special abilities


You were on level 6 of the Dungeon.
You were not hungry.

You visited 1 branch of the dungeon, and saw 6 of its levels.

You collected 297 gold pieces.

Inventory:

Hand Weapons
 a - a +1 shortbow (weapon)
 b - a +0 short sword
 A - a +2 vampiric falchion
Missiles
 d - 38 arrows (quivered)
Armour
 c - a +0 leather armour (worn)
 m - a +0 chain mail
 v - a +0 helmet (worn)
 B - a +0 pair of gloves (worn)
Jewellery
 h - a +2 ring of slaying (right hand)
 l - a +6 ring of evasion (left hand)
 t - an uncursed ring of ice
 F - an amulet of the gourmand (around neck)
Wands
 C - a wand of acid (12)
 H - a wand of iceblast (12)
Scrolls
 e - 2 scrolls of teleportation {unknown}
 i - 5 scrolls of identify {unknown}
 j - 5 scrolls of remove curse
 k - 2 scrolls of random uselessness {unknown}
 o - a scroll of amnesia {unknown}
 p - a scroll of enchant armour {unknown}
 q - a scroll of magic mapping {unknown}
 r - a scroll of fog {unknown}
 w - a scroll of blinking {unknown}
 x - a scroll of noise {unknown}
 y - a scroll of fear {unknown}
Potions
 g - 2 potions of agility {unknown}
 n - a potion of heal wounds {unknown}
 s - a potion of ambrosia {unknown}
 u - a potion of mutation {unknown}
 z - a potion of flight {unknown}
 D - a potion of degeneration {unknown}
 E - 2 potions of curing {unknown}
 G - 2 potions of might {unknown}
Comestibles
 f - 14 rations


   Skills:
 + Level 5.0 Fighting
 - Level 1.7(2.5) Short Blades
 + Level 2.9(3.2) Long Blades
 * Level 10.2 Bows
 + Level 3.3 Armour
 + Level 3.7 Dodging
 - Level 0.4 Stealth


You had 7 spell levels left.
You didn't know any spells.
Your spell library was empty.

Dungeon Overview and Level Annotations

Branches:
Dungeon (6/15)
 Temple: D:4-7

Altars:
Ru
Uskayaw
Wu Jian


Innate Abilities, Weirdness & Mutations

You have hooves in place of feet.
Armour fits poorly on your strangely shaped body.
You cover ground very quickly.
You have extremely tough skin. (AC +3)


Message History

Press: ? - help, Shift-Dir - straight line, f/p - wyvern
Aim: a wyvern (almost dead)
You shoot an arrow. The arrow hits the wyvern!
You kill the wyvern!
Your Fighting skill increases to level 5!
The orc hits you with a flail.
* * * LOW HITPOINT WARNING * * *
Firing (i - inventory)
d - 40 arrows (quivered)
Press: ? - help, Shift-Dir - straight line, f - orc
Aim: an orc, wielding a flail and wearing a ring mail You shoot an arrow.
The arrow hits the orc.
The orc is almost dead.
The orc warrior barely misses you.
Firing (i - inventory)
d - 39 arrows (quivered)
Press: ? - help, Shift-Dir - straight line, f/p - orc
Aim: an orc, wielding a flail and wearing a ring mail (almost dead)
You shoot an arrow. The arrow barely misses the orc.
The orc priest calls down the wrath of Beogh upon you.
Beogh smites you!
You die...

.....................##......####
.....................##..#.#####.
..........######............#.#.#
####......##................#.#.#
#......##................##.##
#......#.................#.###
...#.....(#................##.###
.........(................#.##.##
...#####.#.o....@...........###..
...#####.#...oo.............# ###
....<..(..........#...........
..<...............#############
...#######...###..# #.##### #...#
#..# .......##.<.# #.... #......#
##.### #...........# #.#


You could see an orc warrior, an orc priest and an orc.

Vanquished Creatures
  Pikel (D:5)
  Grinder (D:3)
  A wyvern (D:6)
  An ice beast (D:6)
  2 sky beasts
  A phantom (D:3)
  An ogre (D:6)
  An electric eel (D:6)
  2 crimson imps
  A bullfrog skeleton (D:4)
  Jessica (D:2)
  An iguana (D:6)
  4 worker ants
  A killer bee zombie (D:6)
  A hound zombie (D:2)
  Robin (D:2)
  A howler monkey zombie (D:6)
  3 gnolls (D:6)
  5 adders
  A shadow imp (D:5)
  2 adder skeletons (D:6)
  2 dart slugs
  3 leopard geckos (D:1)
  5 orcs
  10 bats
  2 giant cockroaches
  18 goblins
  9 hobgoblins
  3 jackals (D:2)
  A quokka (D:5)
  A ball python (D:3)
  4 frilled lizards
  A giant cockroach zombie (D:6)
  7 kobolds
  10 rats
109 creatures vanquished.

Notes
Turn   | Place    | Note
-------+----------+-------------------------------------------
     0 | D:1      | psixmax the Centaur Hunter began the quest for the Orb.
     0 | D:1      | Reached XP level 1. HP: 17/17 MP: 1/1
   159 | D:1      | Reached XP level 2. HP: 24/24 MP: 2/2
   685 | D:1      | Reached XP level 3. HP: 30/30 MP: 3/3
   962 | D:2      | Found a hide-covered altar of Uskayaw.
   962 | D:2      | Found an ornate altar of the Wu Jian Council.
  1021 | D:2      | Reached skill level 6 in Bows
  1022 | D:2      | Noticed Jessica
  1025 | D:2      | Killed Jessica
  1025 | D:2      | Reached skill level 1 in Armour
  1288 | D:2      | Reached XP level 4. HP: 35/37 MP: 4/4
  1299 | D:2      | Noticed Robin
  1310 | D:2      | Killed Robin
  1962 | D:3      | Reached XP level 5. HP: 38/44 MP: 5/5
  2064 | D:3      | Noticed Grinder
  2079 | D:3      | Paralysed by Grinder for 2 turns
  2101 | D:3      | Killed Grinder
  2101 | D:3      | Reached skill level 1 in Short Blades
  2101 | D:3      | Reached skill level 7 in Bows
  2101 | D:3      | Reached XP level 6. HP: 35/51 MP: 6/6
  3257 | D:4      | You fall through a shaft!
  3257 | D:5      | Entered Level 5 of the Dungeon
  3554 | D:5      | Found a sacrificial altar of Ru.
  3558 | D:5      | Noticed a slave
  3558 | D:5      | Noticed a slave
  3558 | D:5      | Noticed a slave
  3559 | D:5      | Noticed Pikel
  3561 | D:5      | Noticed a slave
  3628 | D:5      | Killed Pikel
  3628 | D:5      | Reached skill level 1 in Long Blades
  3628 | D:5      | Reached skill level 8 in Bows
  3628 | D:5      | Reached XP level 7. HP: 11/59 MP: 7/7
  4273 | D:5      | Reached skill level 9 in Bows
  4273 | D:5      | Reached XP level 8. HP: 36/66 MP: 8/8
  5478 | D:6      | Reached skill level 10 in Bows
  5511 | D:6      | Reached skill level 5 in Fighting
  5519 | D:6      | Killed from afar by an orc priest

Vault maps used:
D:1:      lemuel_arrival_tunnels
D:2:      gammafunk_temple_overflow_elements, corner_web_ring, uniq_robin,
          uniq_jessica
D:3:      kennysheep_six_static_rooms, first_ration, uniq_grinder
D:4:      serial_shops, shop, serial_bayou_pond_c,
          nicolae_dithmenos_through_a_glass_darkly
D:5:      overflow_temple_1_default, minmay_holes, grunt_decor_cap, uniq_pikel
D:6:      wad_river_or_something, marbit_many_paths

Skill      XL: |  1  2  3  4  5  6  7  8 |
---------------+-------------------------+-----
Bows           | 6 7 8 9 10 | 10.2
Armour         | 1 2 3 |  3.3
Dodging        | 2 3 |  3.7
Fighting       | 3 4 5 |  5.0
Short Blades   | 1 |  1.7
Long Blades    | 1 2 |  2.9
Stealth        | |  0.4

Action                   |  1- 3 |  4- 6 |  7- 9 || total
-------------------------+-------+-------+-------++-------
Melee: Short sword       |     5 |       |       ||     5
       Shortbow          |       |       |     8 ||     8
       Kick              |       |       |     3 ||     3
 Fire: Shortbow          |    79 |   219 |   153 ||   451
  Use: Scroll            |       |     1 |       ||     1
  Eat: Chunk             |       |     5 |     5 ||    10
Armor: Leather armour    |    17 |    19 |    24 ||    60
Dodge: Dodged            |    14 |    54 |    39 ||   107

Table legend:
 A = Spawn XP
 B = Non-spawn XP
 C = Spawn XP percentage of total XP
 D = Spawn monster count
 E = Non-spawn monster count
 F = Spawn count percentage of total count
 G = Total turns spent on level
                    A         B        C        D         E        F      G
               +---------+---------+-------+---------+---------+-------+---------
         Total |       0 |    2518 |   0.0 |       0 |     109 |   0.0 |  5519
               +---------+---------+-------+---------+---------+-------+---------
           D:1 |       0 |      43 |   0.0 |       0 |      24 |   0.0 |   916
           D:2 |       0 |     130 |   0.0 |       0 |      26 |   0.0 |   825
           D:3 |       0 |     483 |   0.0 |       0 |      28 |   0.0 |  1432
           D:4 |       0 |      41 |   0.0 |       0 |       1 |   0.0 |    84
           D:5 |       0 |     872 |   0.0 |       0 |      11 |   0.0 |  1368
           D:6 |       0 |     949 |   0.0 |       0 |      19 |   0.0 |   894
               +---------+---------+-------+---------+---------+-------+---------
